Map: Frost LE

Players

iinsaneOO

  • Race: Protoss Protoss
  • League: Diamond

potato - Winner!

  • Race: Zerg Zerg

VOD

Have the link to the VOD?

Description

Time

  • Played on: Oct. 19, 2016, 1:30 p.m.
  • Length: 10:27
Show
View Real Time Build Order
Export as new Build Order

iinsaneOO Protoss 

Build Orders: 1 Gate Expand 

Get SALT Encoding   

  12  0:02  Probe (Chrono Boost)  
  13  0:12  Probe (Chrono Boost)  
  14  0:23  Probe (Chrono Boost)  
  14  0:25  Pylon  
  15  0:43  Probe (Chrono Boost)  
  15  0:47  Gateway, Assimilator  
  16  0:53  Probe (Chrono Boost)  
  18  1:04  Probe (Chrono Boost)  
  18  1:17  Probe (Chrono Boost)  
  19  1:35  Nexus, Unknown  
  19  1:40  Cybernetics Core  
  19  1:50  Assimilator  
  19  1:53  Pylon  
  19  1:54  Probe (Chrono Boost)  
  20  2:05  Probe (Chrono Boost)  
  21  2:13  Adept  
  21  2:18  Warp Gate  
  24  2:23  Probe (Chrono Boost)  
  24  2:36  Adept, Mothership Core (Chrono Boost)  
  28  2:47  Unknown  
  28  2:51  Probe (Chrono Boost)  
  28  2:52  Pylon  
  28  2:56  Probe (Chrono Boost)  
  30  2:58  Twilight Council  
  30  3:02  Probe (Chrono Boost)  
  31  3:08  Adept, Probe (Chrono Boost)  
  34  3:14  Probe (Chrono Boost)  
  35  3:23  Gateway  
  35  3:30  Gateway  
  35  3:35  Resonating Glaives  
  35  3:39  Pylon  
  35  3:41  Probe (Chrono Boost)  
  37  3:42  Probe (Chrono Boost)  
  37  3:54  Probe (Chrono Boost)  
  39  3:56  Probe (Chrono Boost)  
  39  4:04  Adept  
  41  4:10  Adept  
  41  4:12  Probe (Chrono Boost)  
  41  4:13  Probe (Chrono Boost)  
  41  4:17  Pylon  
  45  4:22  Probe (Chrono Boost)  
  46  4:26  Probe (Chrono Boost)  
  47  4:33  Probe (Chrono Boost)  
  48  4:44  Robotics Facility  
  48  4:46  Pylon  
  48  4:47  Adept x3  
  48  4:51  Probe (Chrono Boost)  
  48  4:52  Probe (Chrono Boost), Assimilator  
  56  5:03  Probe (Chrono Boost)  
  56  5:05  Probe (Chrono Boost)  
  58  5:08  Adept  
  58  5:09  Sentry x2  
  64  5:33  Probe (Chrono Boost)  
  64  5:34  Probe (Chrono Boost)  
  66  5:42  Nexus, Unknown  
  66  5:43  Pylon  
  66  5:50  Probe (Chrono Boost)  
  66  5:51  Probe (Chrono Boost)  
  66  5:52  Stalker x3  
  72  5:59  Immortal  
  72  6:03  Probe (Chrono Boost)  
  77  6:11  Probe (Chrono Boost)  
  77  6:15  Probe (Chrono Boost)  
  77  6:17  Pylon  
  79  6:19  Assimilator  
  79  6:22  Stalker x3  
  73  6:51  Stalker x3  
  73  6:53  Unknown  
  79  6:54  Probe (Chrono Boost)  
  79  6:55  Probe (Chrono Boost)  
  79  6:56  Probe (Chrono Boost)  
  82  7:01  Pylon  
  82  7:07  Robotics Bay  
  82  7:09  Gateway  
  82  7:11  Gateway  
  82  7:14  Probe x2 (Chrono Boost), Pylon  
  85  7:15  Probe (Chrono Boost)  
  85  7:17  Pylon  
  85  7:25  Probe x2 (Chrono Boost)  
  87  7:31  Blink  
  87  7:33  Pylon  
  87  7:35  Adept x3  
  93  7:39  Immortal  
  97  7:45  Probe (Chrono Boost), Dark Shrine  
  97  7:46  Probe (Chrono Boost)  
  97  7:48  Probe (Chrono Boost)  
  100  7:55  Probe (Chrono Boost), Forge  
  101  8:06  Gateway, Assimilator  
  101  8:08  Gateway  
  101  8:09  Adept x2, Assimilator  
  101  8:10  Adept, Gateway  
  107  8:17  Disruptor  
  97  8:31  Stalker x3  
  79  8:44  Probe (Chrono Boost)  
  79  8:45  Probe (Chrono Boost)  
  81  8:54  Probe (Chrono Boost)  
  82  8:56  Adept x2, Nexus, Unknown  
  82  8:57  Adept, Probe (Chrono Boost)  
  82  8:58  Pylon  
  76  9:21  Stalker  
  76  9:22  Stalker x2  
  59  9:53  Stalker x4  
  59  9:55  Dark Templar  
  59  9:56  Dark Templar  
  59  9:57  Adept  
  73  10:00  Archon  
  77  10:21  Stalker  
  67  10:22  Stalker  
  67  10:23  Stalker x3  
Show
View Real Time Build Order
Export as new Build Order

potato Zerg - Winner!

Build Orders: Hatch First 

Get SALT Encoding   

  12  0:02  Drone  
  13  0:08  Drone  
  14  0:15  Extractor  
  14  0:16  Drone  
  15  0:23  Overlord  
  15  0:41  Drone  
  15  0:42  Drone  
  17  0:55  Drone  
  17  0:56  Unknown, Hatchery  
  17  0:59  Extractor  
  16  1:12  Spawning Pool  
  16  1:18  Drone x2  
  17  1:24  Drone  
  18  1:32  Drone  
  19  1:47  Drone  
  19  1:53  Overlord  
  20  2:06  Metabolic Boost  
  20  2:08  Unknown  
  20  2:10  Queen  
  20  2:11  Zergling x2  
  20  2:12  Zergling x2  
  20  2:14  Queen  
  26  2:18  Zergling x2  
  26  2:21  Drone  
  28  2:31  Drone  
  28  2:32  Drone  
  30  2:38  Zergling x2  
  30  2:41  Overlord  
  31  2:49  Baneling Nest, Drone  
  31  2:58  Drone x2  
  32  3:11  Drone x2  
  34  3:13  Roach Warren  
  34  3:18  Drone x2  
  35  3:22  Extractor  
  35  3:24  Drone x3  
  35  3:25  Drone  
  38  3:32  Drone x3  
  41  3:36  Overlord  
  41  3:55  Evolution Chamber  
  41  3:56  Drone  
  41  3:57  Drone x6  
  41  4:01  Overlord  
  47  4:03  Overlord  
  47  4:16  Extractor  
  46  4:23  Zerg Missile Weapons Level 1  
  46  4:25  Roach x2  
  46  4:27  Roach  
  46  4:29  Roach  
  46  4:30  Unknown, Hatchery  
  53  4:32  Roach  
  53  4:38  Roach x2  
  59  4:43  Overlord  
  59  4:55  Spore Crawler  
  59  4:57  Spore Crawler  
  57  5:00  Drone x3  
  57  5:02  Overlord x2  
  60  5:16  Lair  
  60  5:17  Evolution Chamber  
  60  5:20  Roach  
  60  5:21  Roach x4  
  69  5:24  Ravager x3  
  69  5:26  Ravager  
  73  5:33  Drone  
  74  5:42  Unknown  
  73  5:48  Roach x7  
  85  5:53  Drone x4  
  89  6:06  Queen  
  89  6:09  Roach  
  90  6:12  Overlord  
  90  6:13  Overlord x2  
  90  6:23  Overlord x3  
  90  6:29  Glial Reconstitution  
  90  6:37  Extractor  
  73  6:49  Roach  
  73  6:51  Roach x6  
  73  6:52  Roach x2  
  91  7:10  Zerg Missile Weapons Level 2, Hydralisk Den  
  90  7:18  Drone  
  90  7:19  Overlord, Drone  
  90  7:20  Overlord  
  90  7:22  Roach x2  
  98  7:23  Roach x3  
  98  7:24  Drone  
  98  7:27  Ravager  
  98  7:28  Ravager  
  105  7:30  Overlord  
  105  7:39  Hydralisk  
  105  7:40  Hydralisk  
  105  7:42  Drone  
  105  7:43  Drone x3  
  113  7:54  Overseer  
  113  8:00  Drone  
  113  8:01  Drone  
  113  8:02  Drone x3  
  113  8:04  Roach x3  
  113  8:05  Roach x2  
  98  8:38  Roach  
  98  8:39  Roach x11  
  116  8:46  Ravager  
  116  8:47  Ravager  
  118  8:49  Ravager x2  
  118  8:51  Roach  
  112  9:18  Unknown, Hatchery  
  87  9:34  Zergling x2  
  87  9:35  Zergling x28  
  100  10:00  Extractor  
  100  10:02  Extractor  
Tags
 
Add a new tag
Caveats
  • Supply blocks, unpowered buildings, or Contaminate may cause inaccurate times.
  • Supply counts are checked every 10 seconds.